[Event "Panevezys Elite Open 2020"]
[Site "Panevezys"]
[Date "2020.06.26"]
[Round "1.4"]
[White "Chukavin, Kirill"]
[Black "Starostits, Ilmars"]
[Result "0-1"]
[ECO "B32"]
[WhiteElo "2348"]
[BlackElo "2490"]
[Annotator "RC"]
[PlyCount "66"]
[EventDate "2020.06.26"]
[EventType "swiss"]
[EventCountry "LTU"]
[SourceTitle "playchess.com"]
[Source "ChessBase"]
[SourceQuality "1"]
[TimeControl "40/5400+30:1800+30"]

1. e4 c5 2. Nf3 Nc6 3. d4 cxd4 4. Nxd4 Qb6 5. Nb3 Nf6 6. Nc3 e6 7. Be3 Qc7 8. Bd3 Bb4 9. f4 e5 10. O-O Bxc3 11. bxc3 d6 12. Kh1 b6 13. fxe5 dxe5 14. Bg5 Bg4 15. Qe1 Nd7 16. Bc4 Bh5 17. Qh4 Bg6 18. Rad1 O-O 19. Qg4 Na5 20. Nxa5 bxa5 21. Bd5 Rae8 22. Bc1 Kh8 23. Ba3 Nc5 24. h4 h5 25. Qg5 Rc8 26. g4 Nxe4 27. Bxe4 Bxe4+ 28. Kh2 Rfd8 29. Rxd8+ Rxd8 30. Rxf7 Qxf7 31. Qxd8+ Kh7 32. Qd2 Qf3 33. Bc5 hxg4 0-1

[Event "Panevezys Elite Open 2020"]
[Site "Panevezys"]
[Date "2020.06.26"]
[Round "1.11"]
[White "Golsta, Madara"]
[Black "Butvilas, Aistis"]
[Result "0-1"]
[ECO "B40"]
[WhiteElo "1903"]
[BlackElo "2103"]
[Annotator "RC"]
[PlyCount "80"]
[EventDate "2020.06.26"]
[EventType "swiss"]
[EventCountry "LTU"]
[SourceTitle "playchess.com"]
[Source "ChessBase"]
[SourceQuality "1"]
[TimeControl "40/5400+30:1800+30"]

1. e4 c5 2. Nf3 e6 3. d4 cxd4 4. Nxd4 Nf6 5. Nc3 Nc6 6. Nxc6 bxc6 7. e5 Nd5 8. Ne4 Qc7 9. f4 Qb6 10. c4 Bb4+ 11. Ke2 f5 12. exf6 Nxf6 13. Nxf6+ gxf6 14. Be3 Bc5 15. Bxc5 Qxc5 16. Rc1 e5 17. Qd2 Rb8 18. b3 d6 19. Qe3 Qa3 20. Rc2 Bf5 21. Rd2 O-O 22. Kf2 Rfe8 23. Be2 Rbd8 24. Rhd1 Bg6 25. Kg1 Qa5 26. f5 Bf7 27. Qh6 Qc5+ 28. Kh1 e4 29. Rf1 Qe5 30. Rf4 Kh8 31. Rd1 d5 32. h3 Rg8 33. Rdf1 Rg7 34. Rg4 Rxg4 35. hxg4 Rg8 36. cxd5 cxd5 37. Rc1 d4 38. Bc4 Bxc4 39. bxc4 e3 40. Rb1 e2 0-1

[Event "Panevezys Elite Open 2020"]
[Site "Panevezys"]
[Date "2020.07.01"]
[Round "7.2"]
[White "Baum, Jonasz"]
[Black "Golubovskis, Maksims"]
[Result "0-1"]
[ECO "E12"]
[WhiteElo "2373"]
[BlackElo "2062"]
[Annotator "ChessBase"]
[PlyCount "96"]
[EventDate "2020.06.26"]
[EventType "swiss"]
[EventCountry "LTU"]
[SourceTitle "playchess.com"]
[Source "ChessBase"]
[SourceQuality "1"]
[TimeControl "40/5400+30:1800+30"]

1. d4 Nf6 2. c4 e6 3. Nf3 b6 4. Bf4 Bb4+ 5. Nfd2 Nh5 6. Bg3 Bb7 7. a3 Be7 8. Nc3 d5 9. e4 Nxg3 10. hxg3 dxe4 11. Ndxe4 f5 12. Nd2 Qxd4 13. Nb5 Qd7 14. Nf3 Nc6 15. Qxd7+ Kxd7 16. O-O-O+ Bd6 17. Ng5 Ke7 18. Rxh7 Rxh7 19. Nxh7 Bc5 20. Ng5 Bxf2 21. Nxe6 Kxe6 22. Nxc7+ Ke7 23. Nxa8 Bxa8 24. Kc2 Ne5 25. Kc3 Ng4 26. Bd3 Ne3 27. Rh1 Bxg3 28. Rh7 Kf6 29. b4 Bxg2 30. c5 bxc5 31. bxc5 f4 32. Rh8 Bc6 33. Rc8 Nd5+ 34. Kd4 Bf2+ 35. Kc4 Ne7 36. Rf8+ Ke5 37. Kb4 g5 38. Be2 Nd5+ 39. Kb3 Bxc5 40. Rg8 Be7 41. a4 Bxa4+ 42. Kc4 Bb5+ 43. Kxb5 Nc3+ 44. Kc6 Nxe2 45. Kd7 Kf6 46. Re8 f3 47. Rh8 f2 48. Rh6+ Kg7 0-1

[Event "Panevezys Elite Open 2020"]
[Site "Panevezys"]
[Date "2020.07.01"]
[Round "7.3"]
[White "Juknis, Paulius"]
[Black "Jazdanovs, Aleksandrs"]
[Result "0-1"]
[ECO "C47"]
[WhiteElo "2127"]
[BlackElo "2222"]
[Annotator "ChessBase"]
[PlyCount "84"]
[EventDate "2020.06.26"]
[EventType "swiss"]
[EventCountry "LTU"]
[SourceTitle "playchess.com"]
[Source "ChessBase"]
[SourceQuality "1"]
[TimeControl "40/5400+30:1800+30"]

1. e4 e5 2. Nf3 Nc6 3. Nc3 Nf6 4. d4 exd4 5. Nxd4 Bb4 6. Nxc6 bxc6 7. Bd3 d5 8. exd5 cxd5 9. O-O O-O 10. h3 h6 11. Qf3 c6 12. Bf4 Be6 13. Na4 Bd6 14. Rac1 d4 15. Bxd6 Qxd6 16. c4 c5 17. Qg3 Qxg3 18. fxg3 Rac8 19. b3 Nd7 20. Rce1 Rfe8 21. Nb2 Kf8 22. Be4 Nf6 23. Bc2 Bd7 24. Nd1 h5 25. Nf2 g6 26. Ne4 Nxe4 27. Bxe4 Bc6 28. Bxc6 Rxc6 29. Rxe8+ Kxe8 30. Rd1 Rf6 31. b4 cxb4 32. Rxd4 Rf5 33. g4 hxg4 34. hxg4 Re5 35. Kf2 Ra5 36. Rd2 Ra3 37. g5 Rc3 38. Rd4 Rc2+ 39. Kf3 Rxa2 40. c5 a5 41. Ke4 Rc2 42. Kd5 b3 0-1

[Event "Panevezys Elite Open 2020"]
[Site "Panevezys"]
[Date "2020.07.01"]
[Round "7.5"]
[White "Malisauskas, Vidmantas"]
[Black "Stremavicius, Pijus"]
[Result "1/2-1/2"]
[ECO "D12"]
[WhiteElo "2423"]
[BlackElo "2163"]
[Annotator "ChessBase"]
[PlyCount "104"]
[EventDate "2020.06.26"]
[EventType "swiss"]
[EventCountry "LTU"]
[SourceTitle "playchess.com"]
[Source "ChessBase"]
[SourceQuality "1"]
[TimeControl "40/5400+30:1800+30"]

1. Nf3 d5 2. d4 Nf6 3. c4 c6 4. e3 Bf5 5. Nc3 a6 6. Qb3 Ra7 7. Bd2 e6 8. Nh4 Bg4 9. h3 Bh5 10. g4 Nfd7 11. Ng2 Bg6 12. Nf4 b5 13. cxd5 cxd5 14. Nxg6 hxg6 15. a4 b4 16. Na2 a5 17. Bb5 Bd6 18. Rc1 O-O 19. Rc2 Qh4 20. e4 dxe4 21. Be3 Rc7 22. Rxc7 Bxc7 23. Qc2 Qd8 24. Qxe4 Nf6 25. Qb7 Nd5 26. Ke2 Bf4 27. Bc4 Qg5 28. Bxd5 exd5 29. Re1 Bxe3 30. fxe3 Qh4 31. Qxd5 Qxh3 32. Qf3 Qh2+ 33. Qf2 Qc7 34. Kd2 Qc4 35. Nc1 Rc8 36. Rd1 Qc2+ 37. Ke1 Qxa4 38. Nd3 Nd7 39. Qf3 Qb5 40. Rd2 b3 41. e4 Rc2 42. Rxc2 bxc2 43. Kd2 Nb6 44. Kc1 a4 45. Nc5 Nc4 46. Qc3 a3 47. b3 Ne3 48. Kd2 Qf1 49. Nd3 a2 50. Ne1 Qf2+ 51. Kd3 Nd1 52. Qc8+ Kh7 1/2-1/2

[Event "Panevezys Elite Open 2020"]
[Site "Panevezys"]
[Date "2020.07.01"]
[Round "7.7"]
[White "Chukavin, Kirill"]
[Black "Juksta, Karolis"]
[Result "0-1"]
[ECO "C00"]
[WhiteElo "2348"]
[BlackElo "2366"]
[Annotator "ChessBase"]
[PlyCount "82"]
[EventDate "2020.06.26"]
[EventType "swiss"]
[EventCountry "LTU"]
[SourceTitle "playchess.com"]
[Source "ChessBase"]
[SourceQuality "1"]
[TimeControl "40/5400+30:1800+30"]

1. e4 e6 2. d4 d5 3. Bd3 dxe4 4. Bxe4 Nf6 5. Bf3 c5 6. Ne2 Nc6 7. Be3 e5 8. Bxc6+ bxc6 9. dxe5 Qxd1+ 10. Kxd1 Ng4 11. Nd2 Ba6 12. Nc3 O-O-O 13. Ke1 Nxe5 14. f3 f5 15. Kf2 Bd6 16. Rad1 Rhe8 17. Nb3 Nc4 18. Bxc5 Be5 19. Rxd8+ Rxd8 20. Rd1 Nxb2 21. Rxd8+ Kxd8 22. Bd4 Nc4 23. Bxe5 Nxe5 24. Nc5 Bc4 25. Ke3 Ng6 26. Kd4 Bf7 27. Nd3 Ke7 28. Kc5 Kd7 29. f4 Kc7 30. Ne5 Nxe5 31. fxe5 f4 32. a3 Kd7 33. g3 fxg3 34. hxg3 Bg6 35. Ne2 Bxc2 36. e6+ Ke7 37. Kxc6 Be4+ 38. Kc7 Kxe6 39. a4 Kf5 40. a5 Kg4 41. Nf4 h5 0-1

[Event "Panevezys Elite Open 2020"]
[Site "Panevezys"]
[Date "2020.07.01"]
[Round "7.9"]
[White "Butvilas, Aistis"]
[Black "Valantiejus, Vaidotas"]
[Result "0-1"]
[ECO "E20"]
[WhiteElo "2103"]
[BlackElo "2082"]
[Annotator "ChessBase"]
[PlyCount "118"]
[EventDate "2020.06.26"]
[EventType "swiss"]
[EventCountry "LTU"]
[SourceTitle "playchess.com"]
[Source "ChessBase"]
[SourceQuality "1"]
[TimeControl "40/5400+30:1800+30"]

1. d4 Nf6 2. c4 e6 3. Nc3 Bb4 4. f3 c5 5. d5 d6 6. e4 b5 7. Nge2 bxc4 8. Nf4 Bxc3+ 9. bxc3 e5 10. Ne2 Nbd7 11. g4 Nb6 12. Ng3 h5 13. g5 Nh7 14. h4 Nf8 15. Be3 g6 16. Rh2 Nfd7 17. Be2 Qe7 18. Qc2 Rb8 19. Rb1 Ba6 20. a4 O-O 21. Kd2 Na8 22. Rhh1 Rb3 23. Rxb3 cxb3 24. Qxb3 Bxe2 25. Nxe2 Rb8 26. Qa2 Qd8 27. a5 Rb5 28. Ra1 Qb8 29. Kc2 Nc7 30. Nc1 Na6 31. Nd3 Qc7 32. Qa4 Rb7 33. Nb2 c4 34. Ra2 Ndc5 35. Qxc4 Qd7 36. Qf1 Rc7 37. Bxc5 Nxc5 38. Ra3 Qc8 39. c4 Rb7 40. Qe2 Qh3 41. Nd3 Nxd3 42. Rxd3 Qxh4 43. c5 dxc5 44. d6 Qxg5 45. d7 Qd8 46. Qd2 Rb4 47. Qe2 h4 48. Rd6 h3 49. Qa6 Kg7 50. Qc8 Qxa5 51. d8=Q Qa2+ 52. Kc3 Rb3+ 53. Kc4 Rb4+ 54. Kd3 Rb3+ 55. Kc4 Rb4+ 56. Kd3 Rb3+ 57. Kc4 Rb6+ 58. Kxc5 Qc2+ 59. Kd5 Rb5+ 0-1

[Event "Panevezys Elite Open 2020"]
[Site "Panevezys"]
[Date "2020.07.01"]
[Round "7.10"]
[White "Dambrauskas, Virginijus"]
[Black "Boyajyan, David"]
[Result "1-0"]
[ECO "E00"]
[WhiteElo "2246"]
[BlackElo "1949"]
[Annotator "ChessBase"]
[PlyCount "103"]
[EventDate "2020.06.26"]
[EventType "swiss"]
[EventCountry "LTU"]
[SourceTitle "playchess.com"]
[Source "ChessBase"]
[SourceQuality "1"]
[TimeControl "40/5400+30:1800+30"]

1. d4 e6 2. c4 Bb4+ 3. Nd2 c5 4. a3 Bxd2+ 5. Qxd2 cxd4 6. Qxd4 Nf6 7. Nf3 Nc6 8. Qd3 d5 9. Bg5 dxc4 10. Qxc4 Qa5+ 11. b4 Qa4 12. e4 Bd7 13. Bd3 Rc8 14. Bc2 b5 15. Qc3 Qa6 16. Bxf6 gxf6 17. Qxf6 Rg8 18. O-O Rg6 19. Qf4 e5 20. Nxe5 Nxe5 21. Qxe5+ Qe6 22. Qxe6+ Bxe6 23. Rfc1 Bh3 24. Bd3 Rxc1+ 25. Rxc1 Rxg2+ 26. Kf1 Rxh2+ 27. Ke2 Bg4+ 28. Ke3 Rh3+ 29. Kd4 Bd7 30. Rc7 Rf3 31. Rxa7 Rxf2 32. Kc5 Rg2 33. e5 Rh2 34. Bxb5 Bxb5 35. Kxb5 Rh5 36. Kc6 Rxe5 37. b5 Re1 38. b6 Rc1+ 39. Kb5 Rb1+ 40. Ka5 Kf8 41. b7 Kg7 42. Ka6 Ra1 43. Kb6 Rb1+ 44. Kc6 Rc1+ 45. Kd5 Rb1 46. Ke4 Kf6 47. a4 Ke6 48. a5 f5+ 49. Kd4 f4 50. Ra6+ Kf5 51. Rb6 Rd1+ 52. Kc3 1-0

[Event "Panevezys Elite Open 2020"]
[Site "Panevezys"]
[Date "2020.07.01"]
[Round "7.11"]
[White "Steponavicius, Stasys"]
[Black "Bagvilas, Lukas"]
[Result "1-0"]
[ECO "A41"]
[WhiteElo "2183"]
[BlackElo "1907"]
[Annotator "ChessBase"]
[PlyCount "121"]
[EventDate "2020.06.26"]
[EventType "swiss"]
[EventCountry "LTU"]
[SourceTitle "playchess.com"]
[Source "ChessBase"]
[SourceQuality "1"]
[TimeControl "40/5400+30:1800+30"]

1. d4 d6 2. c4 f5 3. Nf3 Nf6 4. g3 g6 5. Bg2 Bg7 6. O-O O-O 7. b3 c6 8. Bb2 Qc7 9. Nbd2 Nbd7 10. Qc2 e5 11. e4 Nh5 12. exf5 gxf5 13. Ng5 Ndf6 14. dxe5 dxe5 15. Rfe1 e4 16. Nf1 h6 17. Nh3 f4 18. Nxf4 Nxf4 19. gxf4 Qxf4 20. Ng3 Bf5 21. Nxf5 Qxf5 22. f3 Qh5 23. Qe2 exf3 24. Bxf3 Qc5+ 25. Kh1 Rae8 26. Qg2 Rxe1+ 27. Rxe1 Qg5 28. Qxg5 hxg5 29. Ba3 Re8 30. Rxe8+ Nxe8 31. Bc5 a6 32. Bg4 Bf8 33. Be3 Be7 34. c5 Nc7 35. Bc8 Nd5 36. Bf2 Kf7 37. a3 Nc3 38. b4 Nb5 39. Bxb7 Nxa3 40. Bxc6 Nc2 41. Be4 Nxb4 42. c6 Nxc6 43. Bxc6 a5 44. Kg2 Kg7 45. Kf3 Bd6 46. h3 a4 47. Bxa4 Be5 48. Kg4 Bf6 49. Kf5 Bd8 50. Bd4+ Kh6 51. Be8 Kh7 52. Ke6 Kg8 53. Bg6 Ba5 54. Kf5 Bd2 55. Kg4 Bc1 56. Kh5 Kf8 57. Bd3 Kf7 58. Bc4+ Ke7 59. Kg6 Bd2 60. Bg7 Ke8 61. Bh6 1-0

[Event "Panevezys Elite Open 2020"]
[Site "Panevezys"]
[Date "2020.07.02"]
[Round "8.4"]
[White "Juksta, Karolis"]
[Black "Baum, Jonasz"]
[Result "1-0"]
[ECO "E20"]
[WhiteElo "2366"]
[BlackElo "2373"]
[Annotator "ChessBase"]
[PlyCount "127"]
[EventDate "2020.06.26"]
[EventType "swiss"]
[EventCountry "LTU"]
[SourceTitle "playchess.com"]
[Source "ChessBase"]
[SourceQuality "1"]
[TimeControl "40/5400+30:1800+30"]

1. d4 Nf6 2. c4 e6 3. Nc3 Bb4 4. f3 c5 5. d5 O-O 6. e4 d6 7. Nge2 a6 8. Ng3 b5 9. Be2 bxc4 10. Bxc4 exd5 11. Bxd5 Nxd5 12. Qxd5 Ra7 13. O-O Bxc3 14. bxc3 Be6 15. Qd3 Nc6 16. f4 Rd7 17. Be3 Na5 18. Rf2 f6 19. Nf1 Nc4 20. Nd2 Nxe3 21. Qxe3 Qa5 22. Nf3 Re8 23. Re1 Bf7 24. Rd2 Rde7 25. Rxd6 Rxe4 26. Qxe4 Rxe4 27. Rxe4 Qc7 28. Rd2 Bg6 29. Re3 h5 30. Nh4 Bf7 31. g3 g6 32. Kf2 c4 33. Nf3 Qb6 34. Rd7 Be6 35. Re7 Bd5 36. Nd4 Bf7 37. Rd7 Qb2+ 38. Ne2 Qb6 39. Nd4 Qb2+ 40. Ne2 Qb6 41. h3 Kf8 42. Nd4 Qb2+ 43. Ne2 Qb6 44. Rd4 Qb7 45. Rd6 Kg7 46. h4 Bd5 47. Re8 Kf7 48. Red8 Be6 49. Rd2 Qh1 50. Rh8 Bd5 51. Rh7+ Ke6 52. f5+ Kxf5 53. Rd4 g5 54. hxg5 Kxg5 55. Rxd5+ f5 56. Rd6 Qh2+ 57. Ke3 f4+ 58. gxf4+ Kg4 59. Rg6+ Kh4 60. Rg5 Qh3+ 61. Ng3 Qe6+ 62. Ne4 Qh3+ 63. Kd4 Qd3+ 64. Ke5 1-0

[Event "Panevezys Elite Open 2020"]
[Site "Panevezys"]
[Date "2020.07.02"]
[Round "8.6"]
[White "Brazdzionis, Andrius"]
[Black "Krivonosov, Oleg"]
[Result "1/2-1/2"]
[ECO "E07"]
[WhiteElo "2342"]
[BlackElo "2391"]
[Annotator "ChessBase"]
[PlyCount "84"]
[EventDate "2020.06.26"]
[EventType "swiss"]
[EventCountry "LTU"]
[SourceTitle "playchess.com"]
[Source "ChessBase"]
[SourceQuality "1"]
[TimeControl "40/5400+30:1800+30"]

1. Nf3 Nf6 2. c4 e6 3. g3 d5 4. Bg2 Be7 5. O-O O-O 6. d4 Nbd7 7. Nc3 dxc4 8. e4 b5 9. Nxb5 Bb7 10. e5 Nd5 11. Qe2 N7b6 12. Rd1 Qd7 13. Nc3 Nxc3 14. bxc3 h6 15. h4 Bd5 16. Nh2 Bxg2 17. Kxg2 Qc6+ 18. Kg1 Nd5 19. Bd2 Rfb8 20. Qg4 Kh8 21. Qf3 Qe8 22. Ng4 Rb2 23. Ne3 Nxe3 24. Bxe3 c6 25. Qe4 Qd7 26. Bc1 Rb5 27. Qf3 Bf8 28. g4 Kg8 29. g5 Qd5 30. Qg4 h5 31. Qxh5 Qe4 32. Be3 Rb2 33. Re1 Rab8 34. Qd1 Rc2 35. Rb1 Rxb1 36. Qxb1 Qg4+ 37. Kf1 Rxc3 38. Rc1 Rd3 39. Qc2 Qf3 40. Kg1 Qg4+ 41. Kf1 Qf3 42. Kg1 Qg4+ 1/2-1/2

[Event "Panevezys Elite Open 2020"]
[Site "Panevezys"]
[Date "2020.07.02"]
[Round "8.9"]
[White "Dambrauskas, Virginijus"]
[Black "Chukavin, Kirill"]
[Result "0-1"]
[ECO "D30"]
[WhiteElo "2246"]
[BlackElo "2348"]
[Annotator "ChessBase"]
[PlyCount "86"]
[EventDate "2020.06.26"]
[EventType "swiss"]
[EventCountry "LTU"]
[SourceTitle "playchess.com"]
[Source "ChessBase"]
[SourceQuality "1"]
[TimeControl "40/5400+30:1800+30"]

1. d4 Nf6 2. c4 e6 3. Nf3 d5 4. Bg5 h6 5. Bxf6 Qxf6 6. Nc3 c6 7. e3 g6 8. Be2 dxc4 9. Bxc4 Nd7 10. h4 Bg7 11. h5 g5 12. Qc2 Qe7 13. a3 O-O 14. Ba2 b6 15. O-O-O Bb7 16. Bb1 Rfd8 17. Ne5 Nxe5 18. dxe5 Qc5 19. Rxd8+ Rxd8 20. Rd1 Rxd1+ 21. Qxd1 Bxe5 22. Qd8+ Kg7 23. Qd3 Kf8 24. Qd8+ Kg7 25. Qd3 Qf8 26. Ne2 Kf6 27. f4 gxf4 28. exf4 Qc5+ 29. Bc2 Bc7 30. Kb1 Qd5 31. Qc3+ Ke7 32. g4 c5 33. Qg7 Qh1+ 34. Ka2 Bd5+ 35. b3 Qg2 36. g5 Qxe2 37. Qf6+ Ke8 38. Kb1 Be4 39. Bxe4 Qxe4+ 40. Ka2 Qxf4 41. Qh8+ Kd7 42. g6 Be5 43. Qh7 Qd2+ 0-1

[Event "Panevezys Elite Open 2020"]
[Site "Panevezys"]
[Date "2020.07.02"]
[Round "8.10"]
[White "Povilaitis, Tomas"]
[Black "Steponavicius, Stasys"]
[Result "0-1"]
[ECO "B34"]
[WhiteElo "1832"]
[BlackElo "2183"]
[Annotator "ChessBase"]
[PlyCount "56"]
[EventDate "2020.06.26"]
[EventType "swiss"]
[EventCountry "LTU"]
[SourceTitle "playchess.com"]
[Source "ChessBase"]
[SourceQuality "1"]
[TimeControl "40/5400+30:1800+30"]

1. e4 c5 2. Nf3 Nc6 3. d4 cxd4 4. Nxd4 Nf6 5. Nc3 e5 6. Nde2 Bc5 7. Ng3 Qb6 8. Qd2 Bb4 9. Qg5 Rg8 10. Bd3 h6 11. Qh4 Nd4 12. O-O g5 13. Qxh6 Bf8 14. Qh3 d5 15. Nf5 dxe4 16. Qg3 Bxf5 17. Qxe5+ Be6 18. Be3 O-O-O 19. Nxe4 Ng4 20. Qg3 Nxe3 21. Qxe3 Be7 22. a4 Nf5 23. Qe2 g4 24. a5 Qc7 25. Rfb1 Rh8 26. Ng3 Nxg3 27. hxg3 Bc5 28. b4 Qxg3 0-1

[Event "Panevezys Elite Open 2020"]
[Site "Panevezys"]
[Date "2020.07.02"]
[Round "8.11"]
[White "Jablokov, Dmitrij"]
[Black "Aleknavicius, Andrius"]
[Result "1-0"]
[ECO "A04"]
[WhiteElo "1962"]
[BlackElo "1895"]
[Annotator "ChessBase"]
[PlyCount "45"]
[EventDate "2020.06.26"]
[EventType "swiss"]
[EventCountry "LTU"]
[SourceTitle "playchess.com"]
[Source "ChessBase"]
[SourceQuality "1"]
[TimeControl "40/5400+30:1800+30"]

1. Nf3 f5 2. d3 Nf6 3. e4 d6 4. exf5 Bxf5 5. d4 g6 6. Bd3 Qd7 7. O-O Bg7 8. Re1 O-O 9. Bxf5 Qxf5 10. Rxe7 Ne4 11. Nc3 d5 12. Be3 Na6 13. Nxe4 dxe4 14. Nd2 Rae8 15. Rxe8 Rxe8 16. c3 Kh8 17. Qa4 Rf8 18. Qc2 Re8 19. Re1 Qd5 20. Qb3 Qd6 21. Qxb7 Rb8 22. Qxe4 c5 23. Bf4 1-0

[Event "Panevezys Elite Open 2020"]
[Site "Panevezys"]
[Date "2020.07.02"]
[Round "8.12"]
[White "Boyajyan, David"]
[Black "Butvilas, Aistis"]
[Result "1/2-1/2"]
[ECO "A13"]
[WhiteElo "1949"]
[BlackElo "2103"]
[Annotator "ChessBase"]
[PlyCount "59"]
[EventDate "2020.06.26"]
[EventType "swiss"]
[EventCountry "LTU"]
[SourceTitle "playchess.com"]
[Source "ChessBase"]
[SourceQuality "1"]
[TimeControl "40/5400+30:1800+30"]

1. Nf3 Nf6 2. g3 d5 3. c4 e6 4. Bg2 b6 5. O-O Be7 6. b3 O-O 7. Bb2 Bb7 8. d3 Re8 9. Nbd2 Nbd7 10. Qc2 c5 11. e4 Nf8 12. cxd5 exd5 13. e5 N6d7 14. Ne1 f6 15. f4 fxe5 16. fxe5 Qc7 17. d4 Ne6 18. Qf5 Bg5 19. Qf7+ Kh8 20. Ndf3 Be3+ 21. Kh1 cxd4 22. Bh3 Ndc5 23. Qxc7 Nxc7 24. Nxd4 N7e6 25. Nxe6 d4+ 26. Bg2 Bxg2+ 27. Nxg2 Rxe6 28. Nxe3 dxe3 29. Bd4 Nd3 30. Bxe3 1/2-1/2